 Dungeon Crawl Stone Soup version 0.28.0-45-g0d030f2227 (webtiles) character file.

Game seed: 11606387697686080625

68614 safid the Apostle (level 15, -4/141 HPs)
             Began as a Hill Orc Fighter on Apr 8, 2022.
             Was a High Priest of Beogh.
             Slain by a harpy simulacrum (18 damage)
             ... in an ice cave on Apr 9, 2022.
             The game lasted 00:51:11 (27985 turns).

safid the Apostle (Hill Orc Fighter)               Turns: 27985, Time: 00:51:11

Health: -4/141     AC: 30    Str: 30    XL:     15   Next: 27%
Magic:  27/27      EV: 10    Int:  9    God:    Beogh [*****.]
Gold:   813        SH:  0    Dex: 11    Spells: 14/14 levels left

rFire   + . .      SeeInvis .   q - +10 dark maul {vorpal}
rCold   . . .      Faith    .   (shield currently unavailable)
rNeg    . . .      Spirit   .   L - +4 plate armour of the Sun {Regen+ Str+2}
rPois   .          Reflect  .   i - +2 helmet
rElec   .          Harm     .   f - +0 cloak
rCorr   +          Rampage  +   l - +0 pair of gloves of Narcissism {rCorr}
Will    ++...                   F - +1 pair of boots {rampage}
Stlth   ..........              (no amulet)
HPRegen 1.13/turn               y - ring of the Octopus King {rF+ AC+1 EV+1 Str+1 Int+1 Dex+1}
MPRegen 0.20/turn               w - ring of willpower

@: studying Bows
A: walk on water
a: Renounce Religion, Smiting, Recall Orcish Followers, Give Item to Named
Follower


You were in an ice cave.
You worshipped Beogh.
Beogh was extremely pleased with you.
You visited 3 branches of the dungeon, and saw 22 of its levels.
You also visited: Gauntlet and Ice Cave.

You collected 2080 gold pieces.
You spent 1267 gold pieces at shops.

Inventory:

Hand Weapons
 a - a +0 war axe of flaming
 q - the +10 dark maul (weapon) {vorpal}
   (You took it off a minotaur in a Gauntlet)

   It inflicts extra damage upon your enemies.
Missiles
 u - 49 poisoned darts (quivered)
Armour
 f - a +0 cloak (worn)
 i - a +2 helmet (worn)
 l - the +0 pair of gloves of Narcissism (worn) {rCorr}
   (You found it in a Gauntlet)

   rCorr:     It protects you from acid and corrosion.
 F - a +1 pair of boots of rampaging (worn)
 L - the +4 plate armour of the Sun (worn) {Regen+ Str+2}
   (You bought it in a shop on level 10 of the Dungeon)

   Str:       It affects your strength (+2).
   Regen:     It increases your rate of health regeneration.
Jewellery
 w - a ring of willpower (right hand)
 y - a ring of the Octopus King (left hand) {rF+ AC+1 EV+1 Str+1 Int+1 Dex+1}
   (You found it on level 6 of the Lair of Beasts)

   [ring of protection from fire]

   AC:        It affects your AC (+1).
   EV:        It affects your evasion (+1).
   Str:       It affects your strength (+1).
   Int:       It affects your intelligence (+1).
   Dex:       It affects your dexterity (+1).
   rF:        It protects you from fire.
 K - the amulet "Xefol" {Acrobat Rampage Fragile Str+9 Slay-4}
   (You found it in a Gauntlet)

   [amulet of the acrobat]

   It increases your evasion while moving and waiting.
   Str:       It affects your strength (+9).
   Slay:      It affects your accuracy & damage with ranged weapons and melee
   (-4).
   Fragile:   It will be destroyed if unequipped.
   Rampage:   It bestows one free step when moving towards enemies.
Wands
 b - a wand of iceblast (24)
 v - a wand of flame (49)
 x - a wand of polymorph (4)
 C - a wand of charming (12)
 J - a wand of mindburst (10)
 M - a wand of acid (4)
 O - a wand of paralysis (5)
Scrolls
 d - 2 scrolls of fog
 j - 8 scrolls of teleportation
 k - a scroll of brand weapon
 n - a scroll of torment {unknown}
 p - 2 scrolls of enchant armour
 r - 2 scrolls of enchant weapon {unknown}
 s - 2 scrolls of fear
 t - 2 scrolls of blinking
 B - 2 scrolls of silence {unknown}
 E - 2 scrolls of magic mapping {unknown}
 H - a scroll of acquirement {unknown}
Potions
 e - 2 potions of haste
 g - 6 potions of curing
 h - a potion of invisibility {unknown}
 o - 2 potions of flight {unknown}
 z - 5 potions of cancellation
 A - a potion of might
 D - a potion of brilliance
 G - 3 potions of mutation
 I - 2 potions of resistance {unknown}
 N - a potion of lignification {unknown}


   Skills:
 + Level 15.6 Fighting
 - Level 16.0 Axes
 + Level 1.9(9.0) Maces & Flails
 + Level 12.7 Armour
 - Level 2.0 Dodging
 - Level 4.0 Shields
 + Level 17.7 Invocations
 + Level 8.9 Evocations


You had 14 spell levels left.
You didn't know any spells.
Your spell library contained the following spells:

 Spells                   Type           Power      Damage    Failure   Level
 Animate Skeleton         Necr           0%         N/A       94%         1
 Pain                     Necr           0%         1d4       94%         1
 Scorch                   Fire           0%         2d5       98%         2
 Call Canine Familiar     Summ           0%         N/A       100%        3
 Ignite Poison            Fire/Tmut/Pois 0%         N/A       100%        3
 Mephitic Cloud           Conj/Pois/Air  0%         N/A       100%        3
 Portal Projectile        Hex/Tloc       0%         N/A       100%        3
 Vampiric Draining        Necr           0%         2d6       100%        3
 Animate Dead             Necr           0%         N/A       100%        4
 Flame Wave               Conj/Fire      0%         2d4       100%        4
 Leda's Liquefaction      Hex/Erth       0%         N/A       100%        4
 Petrify                  Tmut/Erth      0%         N/A       100%        4
 Freezing Cloud           Conj/Ice/Air   0%         6-21      100%        5
 Metabolic Englaciation   Hex/Ice        0%         N/A       100%        5
 Statue Form              Tmut/Erth      0%         N/A       100%        6
 Summon Cactus Giant      Summ           0%         N/A       100%        6
 Haunt                    Necr/Summ      0%         N/A       100%        7
 Infestation              Necr           0%         N/A       100%        8


Dungeon Overview and Level Annotations

Branches:
Dungeon (14/15)            Temple (0/1) D:7            Lair (6/6) D:8
  Swamp (0/4) Lair:3       Spider (0/4) Lair:4        Slime (0/5) Lair:6
    Orc (2/2) D:10            Elf (0/3) Orc:2         IceCv (1/1)
Gauntlet (visited)
 Vaults: D:13-14

Altars:
Ashenzari
Cheibriados
Fedhas
Makhleb
Qazlal
Sif Muna
Trog
Vehumet
Wu Jian
Xom
Yredelemnul
Beogh

Shops:
D:9 [   D:10 [   Orc:2 ([*=

Annotations:
D:2 1 runed translucent door, Crazy Yiuf
D:5 Edmund
D:9 5 runed translucent doors, jimonade's ghost, novice GnIE
Lair:1 3 runed translucent doors, GilGalad's ghost, journeyman DjFE


Message History

Found a frozen archway.
There is a frozen archway here.
The world spins around you as you enter the gateway.
You enter an ice cave!
Found an ice covered gate leading back out of this place.
There is an ice choked empty arch of ancient stone here.
Found a book of Beasts.
A caustic shrike simulacrum comes into view.
Found a shortbow.
The harpy simulacrum claws you but does no damage.
The harpy simulacrum claws you. The harpy simulacrum freezes you!!
You sock the harpy simulacrum!
The harpy simulacrum is severely damaged.
The harpy simulacrum claws you but does no damage. x5
The harpy simulacrum claws you. The harpy simulacrum freezes you!!
The harpy simulacrum misses you.
The harpy simulacrum closely misses you.
The harpy simulacrum claws you but does no damage.
The harpy simulacrum barely misses you. The harpy simulacrum claws you.
The harpy simulacrum freezes you!
The harpy simulacrum claws you but does no damage.
You crush the harpy simulacrum like a grape!!!
The harpy simulacrum vaporises!
Beogh accepts your kill.
The harpy simulacrum claws you but does no damage. x3
The harpy simulacrum closely misses you.
The harpy simulacrum claws you. The harpy simulacrum freezes you!
The harpy simulacrum claws you but does no damage. x3
The harpy simulacrum claws you! The harpy simulacrum freezes you!
* * * LOW HITPOINT WARNING * * *
The harpy simulacrum claws you but does no damage.
You completely miss the harpy simulacrum.
The harpy simulacrum claws you!
* * * LOW HITPOINT WARNING * * *
The harpy simulacrum freezes you!!
* * * LOW HITPOINT WARNING * * *
The harpy simulacrum claws you.
* * * LOW HITPOINT WARNING * * *
The harpy simulacrum freezes you!!
You die...

...)#
...:#
ZZ....#
.....#
.Z..#
.ZZ#
##Z##
##@..##
##.....##
#...∩...#
#.......#
#.......#
#...∩...#
#.......#
#########


You could see a dire elephant simulacrum, a golden dragon simulacrum and 2 harpy
simulacra.

Vanquished Creatures
  Rupert (Orc:2)
  Gastronok (D:11)
  A minotaur (Gauntlet)
  5 hydras
  2 catoblepae
  A centaur warrior (D:13)
  A tengu warrior (D:13)
  2 two-headed ogres
  2 death scarabs (Gauntlet)
  4 death yaks
  A spectral hydra (Gauntlet)
  An orb spider (Lair:4)
  Pikel (D:6)
  A harpy (Lair:6)
  A deep elf pyromancer (D:13)
  An oklob plant (Lair:2)
  4 cyclopes
  2 ugly things (D:12)
  2 orc sorcerers (Orc:2)
  An orc knight (Orc:2)
  A manticore (Lair:5)
  17 elephants
  A black mamba (Lair:5)
  An ice statue (Gauntlet)
  10 cane toads
  2 torpor snails
  A gargoyle (D:11)
  11 komodo dragons
  A yaktaur (D:11)
  2 efreet
  A freezing wraith (D:14)
  2 rime drakes
  6 kobold demonologists
  A wind drake (Lair:6)
  A hornet (D:8)
  2 polar bears
  5 trolls
  5 slime creatures
  16 blink frogs
  A spectral black mamba (Gauntlet)
  4 wraiths
  40 yaks
  2 spriggans (Lair:2)
  A shadow (D:11)
  6 wyverns
  A vampire (D:11)
  3 basilisks
  2 redbacks (D:12)
  A spectral komodo dragon (Gauntlet)
  Grum (D:9)
  2 vampire mosquitoes
  Menkaure (D:5)
  A harpy simulacrum (IceCv)
  2 swamp worms (Lair:3)
  A warg (Orc:1)
  3 acid dragons
  8 water moccasins
  2 ice beasts
  7 orc warriors
  2 black bears
  12 wolves
  6 ogres
  A necrophage (D:7)
  5 centaurs
  7 bullfrogs
  5 kobold brigands
  Blork the orc (D:6)
  2 scorpions
  11 killer bees (D:10)
  A troll zombie (D:10)
  A howler monkey (D:13)
  3 wights (D:6)
  An electric eel (Lair:3)
  A bullfrog zombie (D:7)
  5 centaur zombies
  2 hounds (D:6)
  2 jellies
  8 orc priests
  2 bullfrog skeletons
  A centaur skeleton (D:5)
  Jessica (D:2)
  10 orc wizards
  Natasha (thrice) (D:2)
  7 ogre zombies (D:10)
  2 hound skeletons
  8 adders
  A shadow imp (D:8)
  A white imp (D:5)
  An ufetubus (D:7)
  An adder skeleton (D:4)
  A worm (D:3)
  A dart slug (D:5)
  19 orcs
  7 ball pythons
  8 endoplasms
  3 giant cockroaches
  8 goblins
  8 hobgoblins
  5 jackals
  3 quokkas
  9 bats
  5 frilled lizards
  2 goblin zombies (D:10)
  2 hobgoblin skeletons (D:10)
  3 hobgoblin zombies (D:10)
  31 kobolds
  6 orc skeletons (D:10)
  11 orc zombies (D:10)
  4 rats
460 creatures vanquished.

Vanquished Creatures (collateral kills)
  Jorgrun (Orc:1)
  An orc warlord (Orc:2)
  Nessos (Lair:6)
  Erolcha (Orc:2)
  A boulder beetle (Lair:5)
  3 hydras (Lair:6)
  A catoblepas (Lair:5)
  2 two-headed ogres
  A merfolk avatar (Lair:6)
  A sea snake (Lair:6)
  An orc knight (Orc:1)
  An orc sorcerer (Orc:2)
  A mana viper (shapeshifter) (D:12)
  A manticore (Lair:5)
  2 black mambas
  2 elephants (Lair:6)
  3 cane toads (Lair:6)
  2 rime drakes (Lair:6)
  2 komodo dragons
  3 trolls
  A wind drake (Lair:6)
  3 blink frogs (Lair:6)
  A polar bear (Lair:6)
  A hornet (Lair:6)
  3 slime creatures (D:14)
  A snapping turtle (Lair:6)
  A basilisk (Lair:5)
  3 yaks
  5 redbacks (D:12)
  4 vampire mosquitoes
  A water moccasin (Lair:6)
  A black bear (Lair:5)
  10 orc warriors
  2 ogres (Orc:2)
  A kobold brigand (D:11)
  A bullfrog (Lair:5)
  7 orc priests
  5 orc wizards
  13 orcs
  An orc zombie (D:10)
96 creatures vanquished.

Vanquished Creatures (others)
  An orc high priest (Orc:2)
  An orc knight (Orc:2)
  An orc sorcerer (Lair:6)
  7 orc priests
  11 orc warriors
  9 orc wizards
  34 orcs
  A demonic plant (Gauntlet)
  48 fungi
  73 plants
186 creatures vanquished.

Grand Total: 742 creatures vanquished

Notes
Turn   | Place    | Note
-------+----------+-------------------------------------------
     0 | D:1      | safid the Hill Orc Fighter began the quest for the Orb.
     0 | D:1      | Reached XP level 1. HP: 19/19 MP: 1/1
   282 | D:1      | Reached XP level 2. HP: 25/27 MP: 2/2
   455 | D:1      | Found a faded altar of an unknown god.
   625 | D:1      | Reached XP level 3. HP: 25/33 MP: 3/3
   973 | D:1      | You fall into a shaft and drop 1 floor!
  1110 | D:2      | Noticed Jessica
  1124 | D:2      | Killed Jessica
  1125 | D:2      | Reached XP level 4. HP: 20/40 MP: 4/4
  1675 | D:2      | Noticed Natasha
  1684 | D:2      | Killed Natasha
  1685 | D:2      | Reached skill level 5 in Axes
  1741 | D:2      | Noticed Natasha
  1753 | D:2      | Killed Natasha
  1754 | D:2      | Reached XP level 5. HP: 37/46 MP: 5/5
  1827 | D:2      | Found a runed translucent door.
  1828 | D:2      | Noticed Crazy Yiuf
  1888 | D:2      | Noticed Natasha
  1898 | D:2      | Killed Natasha
  2217 | D:3      | Found a radiant altar of Vehumet.
  2250 | D:3      | Found a basalt altar of Yredelemnul.
  2285 | D:3      | Noticed an ogre
  3090 | D:3      | Killed an ogre
  3091 | D:3      | Reached XP level 6. HP: 45/52 MP: 6/6
  3301 | D:4      | Reached XP level 7. HP: 56/59 MP: 7/7
  3916 | D:5      | Entered Level 5 of the Dungeon
  3916 | D:5      | Noticed Edmund
  3916 | D:5      | Noticed Menkaure
  4267 | D:5      | Reached skill level 10 in Axes
  4370 | D:5      | Killed Menkaure
  4371 | D:5      | Reached XP level 8. HP: 7/66 MP: 8/8
  4758 | D:5      | Found a burning altar of Makhleb.
  4907 | D:5      | Found a snail-covered altar of Cheibriados.
  5023 | D:5      | Became a worshipper of Beogh the Brigand
  5328 | D:6      | Found an ornate altar of the Wu Jian Council.
  5673 | D:6      | Noticed Pikel
  5683 | D:6      | Killed Pikel
  5684 | D:6      | Reached XP level 9. HP: 67/71 MP: 9/9
  5913 | D:6      | Noticed Blork the orc
  5924 | D:6      | Killed Blork the orc
  5926 | D:6      | Reached skill level 15 in Axes
  6375 | D:7      | Reached * piety under Beogh
  6927 | D:7      | Reached skill level 1 in Dodging
  6996 | D:7      | Found a staircase to the Ecumenical Temple.
  7107 | D:7      | Found a broken altar of Ashenzari.
  7135 | D:7      | Found a stormy altar of Qazlal.
  7154 | D:7      | Found a blossoming altar of Fedhas.
  7274 | D:7      | Found a shimmering blue altar of Sif Muna.
  7364 | D:8      | Reached skill level 5 in Fighting
  7386 | D:8      | Reached XP level 10. HP: 35/81 MP: 10/10
  7615 | D:8      | Paralysed by a hornet for 3 turns
  7620 | D:8      | Reached skill level 5 in Armour
  8076 | D:8      | Noticed a death yak
  8124 | D:8      | Killed a death yak
  8338 | D:8      | Found a staircase to the Lair.
  8909 | D:8      | Found a bloodstained altar of Trog.
  9107 | D:8      | Found a shimmering altar of Xom.
  9198 | D:9      | Noticed a kobold demonologist
  9212 | D:9      | Noticed a rust devil
  9213 | D:9      | Noticed a rust devil
  9215 | D:9      | Killed a kobold demonologist
  9251 | D:9      | Noticed Grum
  9272 | D:9      | Killed Grum
  9736 | D:9      | Found a large runed translucent door.
  9737 | D:9      | Found a large runed translucent door.
  9855 | D:9      | Reached ** piety under Beogh
  9868 | D:9      | Reached XP level 11. HP: 91/97 MP: 11/11
 10019 | D:9      | Found a runed translucent gate.
 10023 | D:9      | Noticed jimonade's ghost (novice GnIE)
 10024 | D:9      | Noticed a nine-headed hydra
 10025 | D:9      | Found a runed translucent gate.
 10025 | D:9      | Found a runed translucent gate.
 10328 | D:10     | Entered Level 10 of the Dungeon
 10396 | D:10     | Found a staircase to the Orcish Mines.
 10625 | D:10     | Found Ozxas's Antique Armour Shoppe.
 10750 | D:10     | Reached *** piety under Beogh
 10758 | D:10     | Reached skill level 10 in Fighting
 11148 | D:10     | Noticed a two-headed ogre
 11158 | D:10     | Killed a two-headed ogre
 11626 | D:11     | Noticed a cyclops
 11646 | D:11     | Killed a cyclops
 11647 | D:11     | Reached skill level 10 in Armour
 11825 | D:11     | Noticed Gastronok
 11845 | D:11     | Killed Gastronok
 12013 | D:11     | Noticed a six-headed hydra
 12026 | D:11     | Killed a one-headed hydra
 12557 | D:11     | Noticed a sun demon
 12561 | D:11     | Noticed a two-headed ogre
 12564 | D:11     | Noticed a sixfirhy
 12581 | D:11     | Reached XP level 12. HP: 59/113 MP: 12/12
 12988 | Lair:1   | Entered Level 1 of the Lair of Beasts
 13018 | Lair:1   | Reached **** piety under Beogh
 13440 | Lair:1   | Found a runed translucent gate.
 13443 | Lair:1   | Found a runed translucent gate.
 13444 | Lair:1   | Noticed a minotaur
 13446 | Lair:1   | Found a runed translucent gate.
 13448 | Lair:1   | Noticed GilGalad's ghost (journeyman DjFE)
 14182 | Lair:1   | Reached skill level 1 in Invocations
 14182 | Lair:1   | Reached skill level 1 in Evocations
 14490 | Lair:2   | Reached skill level 2 in Invocations
 14511 | Lair:2   | Reached skill level 3 in Invocations
 14794 | Lair:2   | Noticed a seven-headed hydra
 14804 | Lair:2   | Killed a three-headed hydra
 14865 | Lair:2   | Reached skill level 4 in Invocations
 15181 | Lair:2   | Reached skill level 5 in Invocations
 15313 | Lair:2   | Reached skill level 6 in Invocations
 15844 | Lair:3   | Reached skill level 5 in Evocations
 15845 | Lair:3   | Reached XP level 13. HP: 59/124 MP: 16/18
 16181 | Lair:3   | Reached skill level 7 in Invocations
 16441 | Lair:3   | Reached skill level 8 in Invocations
 17066 | Lair:3   | Reached skill level 9 in Invocations
 17284 | Lair:3   | Found a staircase to the Swamp.
 18208 | Lair:3   | Reached skill level 10 in Invocations
 18737 | Lair:4   | Reached skill level 11 in Invocations
 19255 | Lair:4   | Found a hole to the Spider Nest.
 20760 | Orc:1    | Entered Level 1 of the Orcish Mines
 20813 | Orc:1    | Reached skill level 12 in Invocations
 21005 | Orc:1    | Noticed Jorgrun
 21013 | Orc:1    | Killed Jorgrun
 21417 | Orc:2    | Entered Level 2 of the Orcish Mines
 21480 | Orc:2    | Noticed Rupert
 21484 | Orc:2    | Killed Rupert
 21485 | Orc:2    | Reached skill level 13 in Invocations
 21737 | Orc:2    | Reached XP level 14. HP: 54/129 MP: 24/24
 22031 | Orc:2    | Noticed Erolcha
 22039 | Orc:2    | Killed Erolcha
 22040 | Orc:2    | Found a staircase to the Elven Halls.
 22215 | Orc:2    | Noticed an orc warlord
 22223 | Orc:2    | Reached skill level 14 in Invocations
 22228 | Orc:2    | Found a roughly hewn altar of Beogh.
 22241 | Orc:2    | Killed an orc warlord
 22272 | Orc:2    | Found Gujaoh's Jewellery Shoppe.
 22545 | Orc:2    | Found Etiton's General Store.
 22603 | Orc:2    | Bought a scroll of noise for 11 gold pieces
 22603 | Orc:2    | Bought a potion of haste for 110 gold pieces
 22603 | Orc:2    | Bought a scroll of enchant armour for 82 gold pieces
 22658 | Orc:2    | Found Nicroadi's Antique Weapon Shoppe.
 22732 | Orc:2    | Found Oressid's Antique Armour Shoppe.
 22934 | D:10     | Bought a smouldering plate armour for 1064 gold pieces
 22934 | D:10     | Identified the +4 plate armour of the Sun {Regen+ Str+2}
                  | (You bought it in a shop on level 10 of the Dungeon)
 23244 | Lair:5   | Reached skill level 15 in Invocations
 24485 | Lair:6   | Entered Level 6 of the Lair of Beasts
 24486 | Lair:6   | Noticed Nessos
 24489 | Lair:6   | Killed Nessos
 24490 | Lair:6   | Reached skill level 16 in Invocations
 24623 | Lair:6   | Gained Wardok as an ally
 24831 | Lair:6   | Found a staircase to the Slime Pits.
 24842 | Lair:6   | Reached skill level 17 in Invocations
 24886 | Lair:6   | Reached skill level 15 in Fighting
 25150 | Lair:6   | Found the ring of the Octopus King
 25157 | Lair:6   | Identified a ring of the Octopus King {rF+ AC+1 EV+1 Str+1
                  | Int+1 Dex+1}
 26119 | D:12     | Reached ***** piety under Beogh
 26456 | D:13     | Found a gate leading to a gauntlet.
 26460 | Gauntlet | Entered a Gauntlet
 26460 | Gauntlet | Found a transporter.
 26460 | Gauntlet | Found a transporter.
 26475 | Gauntlet | Found a transporter.
 26480 | Gauntlet | Found a transporter.
 26488 | Gauntlet | Found a transporter.
 26492 | Gauntlet | Found a transporter.
 26499 | Gauntlet | Found a runed translucent door.
 26501 | Gauntlet | Found a transporter.
 26521 | Gauntlet | Found a transporter.
 26538 | Gauntlet | Found a transporter.
 26542 | Gauntlet | Found a transporter.
 26550 | Gauntlet | Found a transporter.
 26554 | Gauntlet | Found a transporter.
 26674 | Gauntlet | Reached XP level 15. HP: 141/141 MP: 27/27
 26689 | Gauntlet | Identified the +0 pair of gloves of Narcissism {rCorr}
 27071 | Gauntlet | Identified the amulet "Xefol" {Acrobat Rampage Fragile
                  | Str+9 Slay-4}
 27307 | D:13     | Reached skill level 1 in Maces & Flails
 27972 | D:14     | Found a frozen archway.
 27980 | IceCv    | Entered an ice cave
 27985 | IceCv    | Slain by a harpy simulacrum

Illustrated notes

Levels and vault maps discovered:
D:1:      amcnicky_arrival_double_pillar, layout_loops_ring,
          shapermc_ecumenical_altar_acropolis, minmay_pentomino_v2
D:2:      layout_rooms, ebering_dispersal_statue_hall, minmay_misc_feat_rows,
          st_stairs_12, minivault_27, wad_floor_pattern_untrapped,
          uniq_crazy_yiuf_cottage, uniq_natasha, uniq_jessica
D:3:      wander_river, layout_basic, mainiacjoe_overflow_boulevard,
          yredelemnul_altar_generic
D:4:      layout_loops_ring, minmay_misc_feat_encased, minmay_misc_feat_doors
D:5:      layout_rooms, bloody_makhleb, lemuel_tele_altar,
          nicolae_elevator_lobby_asterisk, uniq_edmund, uniq_menkaure
D:6:      layout_loops_ring, nzn_wu_jian_council_hall, uniq_blork_the_orc,
          uniq_pikel
D:7:      layout_loops_ring, lemuel_blue_sif_altar, pf_just_have_faith,
          grunt_temple_overflow_forces_of_nature, temple_doors_cd
D:8:      layout_layer_cave, amcnicky_altar_gilded,
          mainiacjoe_overflow_surrounded_room, david_lair_generic
D:9:      layout_basic, jmf_multi_god_temple2, gammafunk_ghost_hydra_chop,
          corexii_hall_statues_l, uniq_grum
D:10:     nicolae_cairo_tiling_large, layout_basic, zombieorc2_lemuel,
          serial_shops, nicolae_stop_n_shop_1
D:11:     nzn_winding_woodlands_small [nzn_winding_woodlands_5x15_sidewinder,
          nzn_winding_woodlands_center_garden,
          nzn_winding_woodlands_5x15_twine], layout_small_grid, uniq_gastronok
D:12:     layout_loops_ring, drop_trap
D:13:     layout_basic, gauntlet_entry_generic
D:14:     layout_gridville, lightli_vaults_fourway_checkpoint, serial_glass,
          glass_columns_a, glass_columns_a, due_unseen_surprise,
          item_on_display_a, portal_ice_cave_entry_pillars_1
Lair:1:   layout_hall_layers, maelrawn_ghost_gauntlet_escape
Lair:2:   layout_cellular_growth, chequers_serial_rivers_micro_e,
          forest_entry_grove
Lair:3:   layout_cave_shapes, nicolae_swamp_entry_splash_gauntlet
Lair:4:   layout_cave_pods, nicolae_spider_entry_orb_guardian,
          lemuel_old_faithful
Lair:5:   nzn_motion_control, layout_cave_pods, minmay_lindwurm_lava
Lair:6:   gammafunk_lair_ancient_temple, layout_loops_ring, slime_dummy,
          uniq_nessos
Orc:1:    layout_caves, uniq_jorgrun
Orc:2:    grunt_orc_cross, layout_diamond_mine, uniq_erolcha, uniq_rupert
IceCv:    ice_cave_statue_garden_chambered

Skill      XL: |  1  2  3  4  5  6  7  8  9 10 11 12 13 14 15 |
---------------+----------------------------------------------+-----
Axes           | 3 4 5 7 8 11 14 16 | 16.0
Fighting       | 4 5 9 12 14 15 | 15.6
Armour         | 4 8 11 12 | 12.7
Shields        | 4 |  4.0
Dodging        | 1 2 |  2.0
Invocations    | 6 13 17 | 17.7
Evocations     | 5 8 |  8.9
Maces & Flails | 1 |  1.9

Action                   |  1- 3 |  4- 6 |  7- 9 | 10-12 | 13-15 || total
-------------------------+-------+-------+-------+-------+-------++-------
Melee: War axe           |    95 |   126 |   253 |   635 |   706 ||  1815
       Maul              |       |       |       |       |    26 ||    26
Throw: Dart              |       |       |     1 |    31 |    13 ||    45
Invok: Convert to Beogh  |       |       |     1 |       |       ||     1
       Smiting           |       |       |       |     4 |    13 ||    17
       Recall Orcish Fol |       |       |       |       |     2 ||     2
       Stop Recall       |       |       |       |       |     1 ||     1
  Use: Potion            |       |     1 |     1 |     2 |     8 ||    12
       Scroll            |       |       |     6 |     5 |     7 ||    18
 Stab: Distracted        |       |       |       |       |     5 ||     5
Armor: Scale mail        |    58 |    50 |    62 |       |       ||   170
       Plate armour      |       |       |     9 |   337 |   467 ||   813
Dodge: Dodged            |    44 |    58 |   122 |   226 |   253 ||   703
Block: Buckler           |    26 |    27 |    39 |   112 |   121 ||   325
